 Dungeon Crawl Stone Soup version 0.18-a0-1164-g7046a04 (webtiles) character file.

298 poirepourri the Firebug (level 6, 0/32 HPs)
             Began as a Deep Elf Fire Elementalist on Jan 25, 2016.
             Was an Initiate of Vehumet.
             Killed from afar by an orc wizard (9 damage)
             ... with a magic dart
             ... on level 4 of the Dungeon.
             The game lasted 00:09:35 (4612 turns).

poirepourri the Firebug (DEFE)                      Turns: 4612, Time: 00:09:35

Health: 0/32       AC:  4    Str:  7    XL:     6   Next: 13%
Magic:  1/15       EV: 19    Int: 22    God:    Vehumet [......]
Gold:   228        SH:  0    Dex: 18    Spells: 4 memorised, 5 levels left

rFire  . . .     SeeInvis .     l - +4 short sword (holy)
rCold  . . .     Gourm    .     a - +2 robe
rNeg   . . .     Faith    .     (no shield)
rPois  .         Spirit   .     (helmet restricted)
rElec  .         Dismiss  .     (no cloak)
rCorr  .         Reflect  .     (no gloves)
SustAt .         Harm     .     (no boots)
MR     .....                    (no amulet)
Stlth  +++.......               (no ring)
                                h - +2 ring of strength

@: agile, slowed, drained, very slow, not resistant to hostile enchantments,
fairly stealthy
A: antennae 1, clumsy 1, wild magic 1
a: Renounce Religion


You were on level 4 of the Dungeon.
You worshipped Vehumet.
Vehumet was noncommittal.
You were not hungry.

You visited 1 branch of the dungeon, and saw 4 of its levels.

You collected 228 gold pieces.

Inventory:

Hand Weapons
 e - a +0 short sword
 l - a +4 short sword of holy wrath (weapon)
Armour
 a - a +2 robe (worn)
 g - a +0 shield
Jewellery
 h - a +2 ring of strength (left hand)
 o - an uncursed amulet of harm
Wands
 p - a wand of random effects (27/48)
Books
 b - a book of Flames

   Spells                             Type                      Level
   a - Flame Tongue                   Conjuration/Fire             1
   b - Throw Flame                    Conjuration/Fire             2
   c - Conjure Flame                  Conjuration/Fire             3
   d - Inner Flame                    Hexes/Fire                   3
   e - Sticky Flame                   Conjuration/Fire             4
   f - Fireball                       Conjuration/Fire             5
Comestibles
 f - 2 fruits
 i - a bread ration


   Skills:
 + Level 0.1(0.0) Fighting
 + Level 3.4(3.1) Dodging
 + Level 3.3(2.9) Stealth
 + Level 4.8(4.5) Spellcasting
 + Level 2.6(2.3) Conjurations
 + Level 5.4(5.1) Fire Magic


You had 5 spell levels left.
You knew the following spells:

 Your Spells              Type           Power        Failure   Level  Hunger
a - Flame Tongue          Conj/Fire      ####.        7%          1    None
b - Throw Flame           Conj/Fire      ####..       11%         2    #......
c - Conjure Flame         Conj/Fire      ####....     19%         3    ##.....
d - Inner Flame           Hex/Fire       ###.....     22%         3    ##.....


Dungeon Overview and Level Annotations

Branches:
Dungeon (4/15)             Temple (0/1) D:4

Altars:
Okawaru
Vehumet


Innate Abilities, Weirdness & Mutations

You have a pair of small antennae on your head.
You are clumsy. (Dex -2)
Your spells are a little harder to cast, but a little more powerful.


Message History

The orc wizard's wounds heal themselves!
The orc wizard closely misses you. The giant cockroach barely misses you.
Drink which item? (? for menu, Esc to quit)
You feel agile all of a sudden.
The orc wizard hits you but does no damage.
The giant cockroach misses you. The orc wizard misses you.
The giant cockroach completely misses you.
The orc wizard misses you.
Your magical contamination has completely faded away.
Casting: Throw Flame
Confirm with . or Enter, or press ? or * to list all spells.
Aiming: Flame Tongue
Press: ? - help, Shift-Dir - straight line, f/p - orc wizard
Aim: an orc wizard, wielding a dagger and wearing a robe (fast)
The flame tongue hits the orc wizard.
The orc wizard is heavily wounded.
The orc wizard misses you. The giant cockroach misses you.
The orc wizard gestures at you while chanting.
The magic dart hits you!
You die...

.)...........
#...........#
#..).......# ##.
#.........# ...
#.♣.♣s...# ...
#..>...o.# #.#
.####.♣.♣†oo####.#
..........s@....#
############....#
####.# #.## ##.#
##.# ##..# #...##
##.[..#


You could see a scorpion, an orc priest, an orc wizard, an orc and a giant
cockroach.

Vanquished Creatures
  An orc priest (D:4)
  Crazy Yiuf (D:2)
  Terence (D:2)
  An orc wizard (D:4)
  11 adders
  2 oozes (D:3)
  A worm (D:4)
  5 giant geckos
  10 orcs
  2 ball pythons (D:3)
  4 giant cockroaches
  8 goblins
  8 hobgoblins
  A quokka (D:2)
  5 bats
  A giant newt (D:2)
  6 kobolds
  12 rats
80 creatures vanquished.

Notes
Turn   | Place    | Note
--------------------------------------------------------------
     0 | D:1      | poirepourri the Deep Elf Fire Elementalist began the quest for the Orb.
     0 | D:1      | Reached XP level 1. HP: 10/10 MP: 6/6
   509 | D:1      | Reached XP level 2. HP: 15/15 MP: 6/8
   513 | D:1      | Learned a level 2 spell: Throw Flame
   624 | D:1      | You fall through a shaft!
  1259 | D:2      | Reached skill level 4 in Fire Magic
  1259 | D:2      | Reached XP level 3. HP: 19/19 MP: 5/10
  1438 | D:2      | Found an iron altar of Okawaru.
  2098 | D:2      | Reached XP level 4. HP: 24/24 MP: 8/11
  2109 | D:2      | Noticed Terence
  2118 | D:2      | Killed Terence
  2260 | D:2      | Noticed Crazy Yiuf
  2266 | D:2      | Killed Crazy Yiuf
  2373 | D:3      | Reached XP level 5. HP: 10/28 MP: 6/13
  3077 | D:3      | Reached skill level 5 in Fire Magic
  3100 | D:3      | HP: 1/28 [poisoned by an adder]
  3635 | D:3      | Found a radiant altar of Vehumet.
  3683 | D:3      | Became a worshipper of Vehumet
  4010 | D:3      | Learned a level 3 spell: Conjure Flame
  4014 | D:3      | Learned a level 3 spell: Inner Flame
  4397 | D:4      | Reached XP level 6. HP: 16/32 MP: 1/15
  4585 | D:4      | Found a staircase to the Ecumenical Temple.
  4610 | D:4      | Gained mutation: You are clumsy. (Dex -2) [potion of mutation]
  4610 | D:4      | Gained mutation: Your spells are a little harder to cast, but a little more powerful. [potion of mutation]
  4610 | D:4      | Gained mutation: You have a pair of small antennae on your head. [potion of mutation]
  4612 | D:4      | Killed from afar by an orc wizard

Vault maps used:
D:1:      ncdulo_wetmaze, minmay_misc_feat_diagonals
D:2:      marbit_many_paths, uniq_terence, uniq_crazy_yiuf_cottage
D:3:      overflow_temple_1_default
D:4:      kennysheep_little_box, minmay_temple_entry_trees

Action                   |  1- 3 |  4- 6 || total
-------------------------+-------+-------++-------
Melee: Short sword       |       |    11 ||    11
 Cast: Flame Tongue      |    47 |    52 ||    99
       Throw Flame       |    11 |    48 ||    59
       Conjure Flame     |       |     1 ||     1
  Use: Scroll            |     1 |     8 ||     9
       Potion            |       |     5 ||     5
  Eat: Bread ration      |     1 |     1 ||     2
       Meat ration       |       |     1 ||     1
       Fruit             |       |     1 ||     1
